 Dungeon Crawl Stone Soup version 0.28.0-53-g5a82cb258f (webtiles) character file.

Game seed: 5005316044841007920

2168 styxcanada the Covert (level 9, 0/44 HPs)
             Began as a Spriggan Brigand on June 27, 2022.
             Was an Initiate of Gozag.
             Slain by a white imp (5 damage)
             ... on level 6 of the Dungeon.
             The game lasted 00:30:20 (8293 turns).

styxcanada the Covert (Spriggan Brigand)            Turns: 8293, Time: 00:30:22

Health: 0/44       AC:  5    Str:  7    XL:     9   Next: 10%
Magic:  10/10      EV: 27    Int: 12    God:    Gozag
Gold:   849        SH:  5    Dex: 21    Spells: 8/8 levels left

rFire   + . .      SeeInvis +   a - +3 dagger (freeze)
rCold   . . .      Faith    .   (no shield)
rNeg    + . .      Spirit   .   l - +2 robe {rF+}
rPois   .          Reflect  +   (helmet restricted)
rElec   .          Harm     .   c - +0 cloak
rCorr   .          Rampage  .   (gloves unavailable)
Will    +....                   (boots unavailable)
Stlth   +++++.....              t - amulet of reflection
HPRegen 0.14/turn               h - ring of positive energy
MPRegen 0.12/turn               m - +4 ring of evasion

@: very quick
A: very small, no large weapons, unfitting armour, see invisible, speed 3
a: Renounce Religion, Potion Petition, Call Merchant, Bribe Branch


You were on level 6 of the Dungeon.
You worshipped Gozag.
Gozag was pleased with you.
You visited 1 branch of the dungeon, and saw 6 of its levels.

You collected 864 gold pieces.
You paid 15 gold pieces to Gozag.

Inventory:

Hand Weapons
 a - a +3 dagger of freezing (weapon)
 i - a +0 hunting sling
Missiles
 e - a curare-tipped dart
 f - 154 stones
 j - 64 sling bullets
 o - 2 datura-tipped darts
 r - 5 poisoned darts (quivered)
Armour
 c - a +0 cloak (worn)
 l - a +2 robe of fire resistance (worn)
Jewellery
 h - a ring of positive energy (left hand)
 k - an amulet of guardian spirit
 m - a +4 ring of evasion (right hand)
 p - a ring of resist corrosion
 t - an amulet of reflection (around neck)
 u - a ring of ice
Scrolls
 d - 2 scrolls of identify
 q - 3 scrolls of teleportation
Potions
 b - a potion of might
 g - a potion of lignification
 n - a potion of resistance
 s - a potion of magic {unknown}


   Skills:
 + Level 3.6 Fighting
 + Level 6.2 Short Blades
 + Level 3.1(4.6) Slings
 + Level 4.3(4.7) Throwing
 * Level 7.6 Dodging
 * Level 11.6 Stealth


You had 8 spell levels left.
You didn't know any spells.
Your spell library contained the following spells:

 Spells                   Type           Power      Damage    Failure   Level
 Beastly Appendage        Tmut           0%         N/A       32%         1
 Wereblood                Tmut           0%         N/A       45%         2
 Spider Form              Tmut/Pois      0%         N/A       69%         3


Dungeon Overview and Level Annotations

Branches:
Dungeon (6/15)
 Temple: D:4-7

Altars:
Elyvilon
Gozag
Hepliaklqana
Ru
Sif Muna
Trog
The Shining One


Innate Abilities, Weirdness & Mutations

You are very small and have problems with some larger weapons.
You are too small for most types of armour.
You have supernaturally acute eyesight. (SInv)
You cover ground extremely quickly. (Speed+++)


Message History

You hit the white imp.
The white imp is lightly wounded.
The bullfrog hits you. The white imp completely misses you.
You hit the white imp.
The white imp is moderately wounded.
The bullfrog completely misses you. The white imp completely misses you.
You closely miss the white imp.
The white imp is moderately wounded.
The bullfrog is no longer moving slowly.
You hit the bullfrog. You freeze the bullfrog.
The bullfrog is moderately wounded.
You block the bullfrog's attack. The white imp completely misses you.
You hit the white imp.
The white imp is heavily wounded.
The bullfrog completely misses you. The white imp gestures at you.
The puff of frost hits you!
You hit the white imp.
The white imp is severely wounded.
You block the bullfrog's attack.
You hit the white imp but do no damage.
The white imp is severely wounded.
The bullfrog misses you. The white imp misses you.
You hit the bullfrog. You freeze the bullfrog.
The bullfrog is heavily wounded.
The bullfrog hits you! The white imp hits you.
* * * LOW HITPOINT WARNING * * *
The white imp freezes you.
* * * LOW HITPOINT WARNING * * *
You block the bullfrog's attack.
You closely miss the white imp.
The white imp is severely wounded.
The bullfrog completely misses you.
You hit the white imp but do no damage.
The white imp is severely wounded.
The white imp hits you.
* * * LOW HITPOINT WARNING * * *
The white imp freezes you.
You die...
Your body crumbles into a pile of gold.

.#.......# ...8.....#
#......... .....#...#
#........#
##.8.....##+##........#
##......8.8.8.8.......##
.....#.)...............#
........8.8.............
...##..................[
....#.....8.....@F......
.......#...##....5......
.#..##.#...#............
.##..###......####......
........>##...........##
..##...#.....#...#....#
..#....##.######## ...#
.....####.# ...# ##...#
###


You could see a bullfrog and a white imp.

Vanquished Creatures
  Edmund (D:4)
  A water moccasin (D:6)
  An orc warrior (D:6)
  3 black bears
  3 ogres
  A phantom (D:4)
  2 bullfrogs
  6 scorpions
  A water moccasin skeleton (D:5)
  A centaur zombie (D:5)
  4 hounds
  A quasit (D:5)
  A jelly (D:5)
  2 orc priests
  2 bullfrog skeletons (D:6)
  3 iguanas (D:5)
  2 orc wizards
  A hound skeleton (D:5)
  5 gnolls
  A howler monkey skeleton (D:6)
  5 adders
  A white imp (D:6)
  An adder skeleton (D:4)
  2 worms (D:3)
  3 dart slugs
  17 orcs
  7 endoplasms
  7 giant cockroaches
  8 goblins
  11 hobgoblins
  3 jackals (D:1)
  8 kobolds
  3 quokkas
  5 ball pythons
  13 bats
  2 frilled lizards
  A goblin skeleton (D:5)
  A goblin zombie (D:5)
  2 hobgoblin zombies (D:5)
  A kobold zombie (D:5)
  An orc skeleton (D:5)
  2 orc zombies (D:5)
  8 rats
154 creatures vanquished.

Vanquished Creatures (others)
  3 fungi (D:5)
  4 plants
7 creatures vanquished.

Grand Total: 161 creatures vanquished

Notes
Turn   | Place    | Note
-------+----------+-------------------------------------------
     0 | D:1      | styxcanada the Spriggan Brigand began the quest for the
                  | Orb.
     0 | D:1      | Reached XP level 1. HP: 10/10 MP: 2/2
    21 | D:1      | Reached skill level 6 in Stealth
    85 | D:1      | Reached XP level 2. HP: 7/14 MP: 3/3
   655 | D:1      | Found a faded altar of an unknown god.
   718 | D:1      | Reached skill level 7 in Stealth
   718 | D:1      | Reached XP level 3. HP: 7/18 MP: 4/4
  1681 | D:2      | Reached XP level 4. HP: 11/23 MP: 5/5
  1900 | D:2      | Found an opulent altar of Gozag.
  1915 | D:2      | Became a worshipper of Gozag Ym Sagoz the Greedy
  3023 | D:3      | Noticed a black bear
  3050 | D:3      | Killed a black bear
  3051 | D:3      | Reached skill level 8 in Stealth
  3051 | D:3      | Reached XP level 5. HP: 23/26 MP: 6/6
  3972 | D:3      | Found a white marble altar of Elyvilon.
  4122 | D:4      | Reached XP level 6. HP: 30/30 MP: 7/7
  4588 | D:4      | Reached skill level 1 in Slings
  4588 | D:4      | Reached skill level 9 in Stealth
  4669 | D:4      | Reached XP level 7. HP: 35/35 MP: 8/8
  4785 | D:4      | Noticed Edmund
  4790 | D:4      | Killed Edmund
  5367 | D:3      | Found a shimmering blue altar of Sif Muna.
  5367 | D:3      | Found a bloodstained altar of Trog.
  5479 | D:4      | Reached skill level 5 in Short Blades
  5479 | D:4      | Reached skill level 5 in Dodging
  5479 | D:4      | Reached skill level 10 in Stealth
  5656 | D:5      | Entered Level 5 of the Dungeon
  5666 | D:5      | Found a glowing golden altar of the Shining One.
  6019 | D:5      | Reached XP level 8. HP: 13/39 MP: 5/9
  6768 | D:5      | Found a sacrificial altar of Ru.
  7653 | D:5      | Reached skill level 11 in Stealth
  7708 | D:5      | Found the +7 Singing Sword {vorpal, sonic wave}
  8000 | D:6      | Found a hazy altar of Hepliaklqana.
  8158 | D:6      | Reached XP level 9. HP: 37/44 MP: 10/10
  8293 | D:6      | Slain by a white imp

Illustrated notes

Levels and vault maps discovered:
D:1:      erik_arrival_cave_to_civilisation [erik_arrival_cave_to_hall],
          layout_loops_ring, hellmonk_ecumenical_altar_arch_garden,
          minmay_surrounded
D:2:      layout_basic, basic_altar, grunt_ministairs_14, chequers_jeans
D:3:      layout_loops_cross, nicolae_overflow_hidden_temple,
          serial_bayou_pond_e
D:4:      layout_loops_corners, uniq_edmund
D:5:      old_forge, layout_layer_cave, nicolae_tso_besieged_by_evil,
          nicolae_ru_sacrificial_ziggurat, chequers_ossuary_entry_cave
D:6:      layout_cave_pools, lemuel_round_altar, minmay_temple_entry_overgrown,
          serial_column_ruins, column_ruins_hut, column_ruins_hut_pillars,
          column_ruins_columns_corner, column_ruins_grid_3,
          column_ruins_open_tiny_water, column_ruins_open_tiny,
          column_ruins_columns_straight, grunt_ministairs_12,
          minmay_tree_intersection, kennysheep_generic_room_8

Skill      XL: |  1  2  3  4  5  6  7  8 |
---------------+-------------------------+-----
Stealth        | 6 7 8 9 10 11 | 11.6
Dodging        | 2 3 4 5 7 |  7.6
Short Blades   | 3 4 5 6 |  6.2
Fighting       | 2 3 |  3.6
Slings         | 1 2 3 |  3.1
Throwing       | 3 4 |  4.3

Action                   |  1- 3 |  4- 6 |  7- 9 || total
-------------------------+-------+-------+-------++-------
Melee: Dagger            |   138 |   198 |   339 ||   675
       Punch             |       |     2 |     6 ||     8
 Fire: Hunting sling     |       |     9 |    22 ||    31
Throw: Dart              |    19 |    37 |    54 ||   110
       Stone             |       |       |     4 ||     4
  Use: Scroll            |       |     5 |     6 ||    11
       Potion            |       |     2 |     1 ||     3
 Stab: Sleeping          |    12 |    15 |    11 ||    38
       Distracted        |       |       |     5 ||     5
Armor: Robe              |    21 |    13 |    49 ||    83
Dodge: Dodged            |    92 |   125 |   376 ||   593
Block: Other             |       |       |     9 ||     9
